[Event "DVM U12 2024"]
[Site "Heidelberg"]
[Date "2024.12.29"]
[Round "6"]
[White "Boroshnev, Dmytro"]
[Black "Vlach, Ludwig"]
[Result "1-0"]
[ECO "C10"]
[WhiteElo "1627"]
[BlackElo "1709"]
[Annotator "NA RC"]
[PlyCount "105"]
[EventDate "2024.12.23"]
[EventType "team-tourn"]
[EventRounds "7"]
[EventCountry "GER"]
[SourceTitle "playchess.com"]
[Source "ChessBase"]
[SourceQuality "1"]
[TimeControl "40/5400+30:1800+30"]

1. e4 e6 2. d4 d5 3. Nd2 dxe4 4. Nxe4 Nd7 5. Nf3 Ngf6 6. Ng3 b6 7. Be2 Bb7 8. a3 Be7 9. O-O O-O 10. Re1 Re8 11. c4 c5 12. Be3 Rc8 13. Rc1 cxd4 14. Bxd4 Nc5 15. Bxc5 Bxc5 16. b4 Be7 17. Qb3 Rc7 18. Red1 Qc8 19. Ne5 b5 20. c5 Bd5 21. Qe3 Qb7 22. Bf3 Bxf3 23. Qxf3 Qxf3 24. Nxf3 Nd5 25. Ne4 Nf4 26. Kf1 Rec8 27. g3 Nd5 28. Nc3 Nxc3 29. Rxc3 Bf6 30. Rcd3 Re8 31. Nd2 Be7 32. Ne4 f5 33. Nd6 Bxd6 34. Rxd6 Rec8 35. Rxe6 Kf7 36. Red6 Re8 37. Rd7+ Re7 38. Rxc7 Rxc7 39. Ke2 Ke6 40. Rd6+ Ke5 41. Ke3 f4+ 42. gxf4+ Kf5 43. Kf3 g6 44. Rd5+ Ke6 45. Ke4 Rc6 46. Rd6+ Rxd6 47. cxd6 Kxd6 48. f5 Ke7 49. fxg6 hxg6 50. Ke5 a6 51. h4 Kd7 52. Kf6 Kd6 53. Kxg6 1-0

[Event "DVM U12 2024"]
[Site "Heidelberg"]
[Date "2024.12.29"]
[Round "6"]
[White "Martin Fernandez, Felix"]
[Black "Tomovski, Leon"]
[Result "1-0"]
[ECO "B02"]
[WhiteElo "1624"]
[BlackElo "1569"]
[Annotator "NA RC"]
[PlyCount "75"]
[EventDate "2024.12.23"]
[EventType "team-tourn"]
[EventRounds "7"]
[EventCountry "GER"]
[SourceTitle "playchess.com"]
[Source "ChessBase"]
[SourceQuality "1"]
[TimeControl "40/5400+30:1800+30"]

1. e4 Nf6 2. e5 Nd5 3. c4 Nb6 4. d4 e6 5. Nf3 Nc6 6. Be2 Be7 7. O-O O-O 8. Be3 d5 9. c5 Nd7 10. a3 f6 11. exf6 Bxf6 12. Nc3 b6 13. b4 a5 14. b5 Ne7 15. c6 Nb8 16. Ne5 Nf5 17. Bf4 Bg5 18. Bxg5 Qxg5 19. f4 Qf6 20. Qd3 Nd6 21. Qf3 Nc4 22. Bxc4 dxc4 23. Ne4 Qd8 24. Rad1 Qd5 25. Nc3 Qxf3 26. Rxf3 a4 27. Kf2 g6 28. Ke3 Kg7 29. Rdf1 Rf5 30. g4 Rf8 31. h4 h6 32. h5 gxh5 33. gxh5 Rf5 34. Rg3+ Kf8 35. Rfg1 Rxe5+ 36. dxe5 Nxc6 37. Rg8+ Ke7 38. R1g7# 1-0

[Event "DVM U12 2024"]
[Site "Heidelberg"]
[Date "2024.12.29"]
[Round "6"]
[White "Svanidze, Alexander"]
[Black "Thoms, Eric"]
[Result "1/2-1/2"]
[ECO "C54"]
[WhiteElo "1615"]
[BlackElo "1666"]
[Annotator "NA RC"]
[PlyCount "98"]
[EventDate "2024.12.23"]
[EventType "team-tourn"]
[EventRounds "7"]
[EventCountry "GER"]
[SourceTitle "playchess.com"]
[Source "ChessBase"]
[SourceQuality "1"]
[TimeControl "40/5400+30:1800+30"]

1. e4 e5 2. Nf3 Nc6 3. Bc4 Nf6 4. d3 Bc5 5. c3 d6 6. O-O h6 7. Nbd2 O-O 8. Bb3 a6 9. a4 Ba7 10. h3 Ne7 11. Re1 Ng6 12. Nf1 Re8 13. Ng3 c6 14. d4 Qc7 15. Qc2 Be6 16. Bxe6 Rxe6 17. dxe5 dxe5 18. Nf5 Rd8 19. Bd2 Nh5 20. Be3 Bxe3 21. Rxe3 Nhf4 22. Kh2 Ne7 23. N3h4 Nxf5 24. Nxf5 Kh7 25. g3 Nh5 26. Qb3 Rd2 27. Kg2 g6 28. Nh4 Red6 29. Nf3 R2d3 30. Rae1 Rxe3 31. Rxe3 Rd7 32. Qc2 Qd6 33. Re2 Nf6 34. b4 Kg7 35. Rd2 Qe7 36. Rxd7 Nxd7 37. Qd3 Nf6 38. Nd2 Ne8 39. Nb3 Qd6 40. Qxd6 Nxd6 41. Nd2 b5 42. a5 Kf6 43. Kf3 Ke6 44. Ke3 f6 45. f3 h5 46. Ke2 Nb7 47. Nb3 Kd6 48. Kd2 Ke6 49. Ke2 Kd6 1/2-1/2

[Event "DVM U12 2024"]
[Site "Heidelberg"]
[Date "2024.12.29"]
[Round "6"]
[White "Lu, Alexander"]
[Black "Kuhns, David"]
[Result "1-0"]
[ECO "D55"]
[WhiteElo "1571"]
[BlackElo "1904"]
[Annotator "NA RC"]
[PlyCount "101"]
[EventDate "2024.12.23"]
[EventType "team-tourn"]
[EventRounds "7"]
[EventCountry "GER"]
[SourceTitle "playchess.com"]
[Source "ChessBase"]
[SourceQuality "1"]
[TimeControl "40/5400+30:1800+30"]

1. d4 d5 2. c4 e6 3. Nc3 Nf6 4. cxd5 exd5 5. Bg5 Be7 6. e3 h6 7. Bxf6 Bxf6 8. Nf3 O-O 9. Bd3 Be6 10. Qb3 Nc6 11. Qxb7 Qd7 12. Bb5 Na5 13. Qxa8 Rxa8 14. Bxd7 Bxd7 15. Nxd5 Bd8 16. Rc1 c6 17. Nf4 Rb8 18. b3 Be7 19. O-O Ba3 20. Rcd1 Bg4 21. h3 Bxf3 22. gxf3 Rd8 23. Rb1 Bd6 24. Nd3 Bc7 25. Rfc1 Rd6 26. Nc5 Bb6 27. b4 Bxc5 28. bxc5 Rg6+ 29. Kh2 Re6 30. Rb8+ Kh7 31. Ra8 Re7 32. e4 f6 33. d5 g5 34. d6 Rd7 35. Kg3 Kg6 36. h4 gxh4+ 37. Kxh4 h5 38. f4 f5 39. e5 Kf7 40. Kxh5 Ke6 41. Kg6 a6 42. Rxa6 Nb7 43. Rxc6 Nd8 44. Rc7 Rxc7 45. dxc7 Kd7 46. cxd8=Q+ Kxd8 47. c6 Kc7 48. e6 Kd6 49. c7 Ke7 50. c8=Q Kd6 51. Qd7# 1-0

[Event "DVM U12 2024"]
[Site "Heidelberg"]
[Date "2024.12.29"]
[Round "6"]
[White "Ramayanam, Nithya"]
[Black "Luft, Felix"]
[Result "0-1"]
[ECO "C54"]
[WhiteElo "1566"]
[BlackElo "1294"]
[Annotator "NA RC"]
[PlyCount "98"]
[EventDate "2024.12.23"]
[EventType "team-tourn"]
[EventRounds "7"]
[EventCountry "GER"]
[SourceTitle "playchess.com"]
[Source "ChessBase"]
[SourceQuality "1"]
[TimeControl "40/5400+30:1800+30"]

1. e4 e5 2. Nf3 Nc6 3. Bc4 Bc5 4. c3 Nf6 5. d3 d6 6. h3 Be6 7. Bxe6 fxe6 8. Qb3 Qc8 9. Qd1 Qd7 10. O-O Ne7 11. Be3 Bb6 12. Nbd2 Ng6 13. Nc4 Nf4 14. Nxb6 axb6 15. Bxf4 exf4 16. e5 dxe5 17. Nxe5 Qb5 18. Nc4 O-O 19. Re1 Rfe8 20. Qf3 Nd5 21. Qg4 Qd7 22. Ne5 Qd6 23. c4 Nb4 24. Re2 Nxd3 25. Nxd3 Qxd3 26. Ree1 Qxc4 27. b3 Qc3 28. Qxf4 Rxa2 29. Qc1 Qxc1 30. Raxc1 c6 31. Re3 Rf8 32. f3 Rf6 33. Rd1 Ra7 34. Red3 Kf7 35. Rd7+ Kg6 36. R1d4 h5 37. h4 e5 38. Re4 Re6 39. f4 Kf6 40. Rxe5 Rxe5 41. fxe5+ Kxe5 42. Rxg7 Kf6 43. Rg8 Ra3 44. Rb8 Rxb3 45. Rxb7 b5 46. Rb6 Rc3 47. Kf2 Kf5 48. Rb8 Kg4 49. g3 Rc2+ 0-1

[Event "DVM U12 2024"]
[Site "Heidelberg"]
[Date "2024.12.29"]
[Round "6"]
[White "Liu, Kairui"]
[Black "Satti, Shahroz"]
[Result "0-1"]
[ECO "B56"]
[WhiteElo "1559"]
[BlackElo "1525"]
[Annotator "NA RC"]
[PlyCount "98"]
[EventDate "2024.12.23"]
[EventType "team-tourn"]
[EventRounds "7"]
[EventCountry "GER"]
[SourceTitle "playchess.com"]
[Source "ChessBase"]
[SourceQuality "1"]
[TimeControl "40/5400+30:1800+30"]

1. e4 c5 2. Nf3 d6 3. d4 cxd4 4. Qxd4 Nc6 5. Qd1 Nf6 6. Nc3 g6 7. h3 Bg7 8. Bc4 O-O 9. Be3 Bd7 10. Qd2 a6 11. O-O-O b5 12. Bb3 Na5 13. a3 Nxb3+ 14. cxb3 Qc7 15. Kb1 Qb7 16. e5 dxe5 17. Nxe5 Bf5+ 18. Ka2 Qxg2 19. Rdg1 Qb7 20. Nd3 Ne4 21. Nxe4 Bxe4 22. Rh2 Rfd8 23. f3 Bxd3 24. Qg2 Bf5 25. h4 h5 26. Qg3 Rd7 27. Rd2 Rad8 28. Rgd1 Rxd2 29. Rxd2 Rxd2 30. Bxd2 Be6 31. Qg5 Qxf3 32. Qe3 Qxe3 33. Bxe3 Bf6 34. Bf2 g5 35. hxg5 Bxg5 36. a4 bxa4 37. Ka3 axb3 38. Kb4 Kg7 39. Ka5 Bc4 40. Bd4+ Bf6 41. Bc5 Bxb2 42. Bxe7 Bc3+ 43. Kb6 b2 44. Kc5 Bb5 45. Kb6 b1=Q 46. Kc7 Ba5+ 47. Kd6 Qd3+ 48. Kc5 Qc4+ 49. Kd6 Bc7# 0-1

[Event "DVM U12 2024"]
[Site "Heidelberg"]
[Date "2024.12.29"]
[Round "6"]
[White "Libert, Nick"]
[Black "Heidtkamp, Anna"]
[Result "1-0"]
[ECO "C54"]
[WhiteElo "1548"]
[BlackElo "1663"]
[Annotator "NA RC"]
[PlyCount "73"]
[EventDate "2024.12.23"]
[EventType "team-tourn"]
[EventRounds "7"]
[EventCountry "GER"]
[SourceTitle "playchess.com"]
[Source "ChessBase"]
[SourceQuality "1"]
[TimeControl "40/5400+30:1800+30"]

1. e4 e5 2. Nf3 Nc6 3. Bc4 Bc5 4. c3 Nf6 5. d4 exd4 6. b4 Bd6 7. O-O O-O 8. Bg5 dxc3 9. Nxc3 Bxb4 10. Nd5 Be7 11. Nxe7+ Qxe7 12. Re1 d6 13. Nh4 h6 14. Nf5 Bxf5 15. exf5 Qd8 16. Bh4 Ne5 17. Bb3 Ned7 18. Qf3 c6 19. Rad1 d5 20. Qg3 Qb8 21. f4 Ne4 22. Rxe4 dxe4 23. Rxd7 Kh8 24. Bxf7 b5 25. Be6 Rg8 26. Bxg8 Qxg8 27. f6 g6 28. Qc3 Qc4 29. Qd2 Qc5+ 30. Kh1 Qf8 31. h3 Re8 32. Qd4 c5 33. Qb2 Rb8 34. Qe5 Re8 35. Re7 Rc8 36. f7+ Qg7 37. f8=Q+ 1-0

[Event "DVM U12 2024"]
[Site "Heidelberg"]
[Date "2024.12.29"]
[Round "6"]
[White "Cetinalp, Poyraz"]
[Black "Berndt, Ronson"]
[Result "0-1"]
[ECO "B22"]
[WhiteElo "1530"]
[BlackElo "1812"]
[Annotator "NA RC"]
[PlyCount "134"]
[EventDate "2024.12.23"]
[EventType "team-tourn"]
[EventRounds "7"]
[EventCountry "GER"]
[SourceTitle "playchess.com"]
[Source "ChessBase"]
[SourceQuality "1"]
[TimeControl "40/5400+30:1800+30"]

1. e4 c5 2. c3 d5 3. exd5 Qxd5 4. Nf3 Nf6 5. d4 cxd4 6. cxd4 a6 7. Nc3 Qd8 8. Bf4 e6 9. a3 Nc6 10. Bc4 Bd6 11. Bxd6 Qxd6 12. d5 exd5 13. Nxd5 Nxd5 14. Bxd5 Be6 15. Bxe6 Qxe6+ 16. Qe2 Qxe2+ 17. Kxe2 O-O 18. Rhe1 Rad8 19. Kf1 f6 20. Rad1 Kf7 21. g3 Na5 22. Rc1 Rd7 23. b4 Nc6 24. Rcd1 Rfd8 25. Ke2 Nd4+ 26. Nxd4 Rxd4 27. Rxd4 Rxd4 28. Kf3 Rd3+ 29. Re3 Rxe3+ 30. Kxe3 Ke6 31. f4 Kd5 32. Kd3 f5 33. h3 h5 34. Kc3 Ke4 35. Kc4 Kf3 36. Kc5 Kxg3 37. Kb6 Kxf4 38. Kxb7 Kg3 39. Kxa6 f4 40. b5 f3 41. b6 f2 42. b7 f1=Q+ 43. Kb6 Qb1+ 44. Ka7 Kxh3 45. b8=Q Qxb8+ 46. Kxb8 g5 47. a4 g4 48. a5 g3 49. a6 g2 50. a7 g1=Q 51. a8=Q Qg8+ 52. Kb7 Qxa8+ 53. Kxa8 Kg3 54. Kb7 h4 55. Kc6 h3 56. Kd5 h2 57. Ke5 h1=Q 58. Kf5 Qe1 59. Kf6 Qe4 60. Kg5 Qf4+ 61. Kg6 Qe5 62. Kf7 Qd6 63. Ke8 Qc7 64. Kf8 Kf4 65. Kg8 Kf5 66. Kf8 Kf6 67. Ke8 Qe7# 0-1

[Event "DVM U12 2024"]
[Site "Heidelberg"]
[Date "2024.12.29"]
[Round "6"]
[White "Kurakin, Martin"]
[Black "Moritz, Jakob"]
[Result "1-0"]
[ECO "C01"]
[WhiteElo "1389"]
[BlackElo "859"]
[Annotator "NA RC"]
[PlyCount "75"]
[EventDate "2024.12.23"]
[EventType "team-tourn"]
[EventRounds "7"]
[EventCountry "GER"]
[SourceTitle "playchess.com"]
[Source "ChessBase"]
[SourceQuality "1"]
[TimeControl "40/5400+30:1800+30"]

1. e4 e5 2. Nf3 Nf6 3. Nxe5 d6 4. Nf3 Nxe4 5. Nc3 Nf6 6. d4 d5 7. Bb5+ c6 8. Bd3 c5 9. dxc5 Bxc5 10. Bb5+ Nc6 11. Ne5 O-O 12. Nxc6 bxc6 13. Bxc6 Rb8 14. Bxd5 Nxd5 15. Qxd5 Qxd5 16. Nxd5 Ba6 17. b3 Rfe8+ 18. Be3 Bb4+ 19. Nxb4 Rxb4 20. c4 f5 21. O-O Re7 22. Bc5 Rbb7 23. Bxe7 Rxe7 24. Rfe1 Rd7 25. Rac1 f4 26. f3 g5 27. c5 h5 28. c6 Rd2 29. c7 Bc8 30. Re8+ Kf7 31. Rxc8 g4 32. Rf8+ Kxf8 33. c8=Q+ Ke7 34. Re1+ Kf7 35. Qe8+ Kf6 36. Qf8+ Kg5 37. Re5+ Kh4 38. Qf6# 1-0

[Event "DVM U12 2024"]
[Site "Heidelberg"]
[Date "2024.12.29"]
[Round "6"]
[White "Balthasar, Johann"]
[Black "Tiuca, Emma"]
[Result "0-1"]
[ECO "C01"]
[WhiteElo "1317"]
[BlackElo "1472"]
[Annotator "NA RC"]
[PlyCount "62"]
[EventDate "2024.12.23"]
[EventType "team-tourn"]
[EventRounds "7"]
[EventCountry "GER"]
[SourceTitle "playchess.com"]
[Source "ChessBase"]
[SourceQuality "1"]
[TimeControl "40/5400+30:1800+30"]

1. e4 e6 2. d4 d5 3. exd5 exd5 4. Nf3 Bd6 5. Bd3 Nf6 6. O-O O-O 7. Bg5 Be6 8. Nbd2 Nbd7 9. c3 c6 10. Qc2 Qc7 11. Rfe1 Rfe8 12. Re2 h6 13. Bh4 b6 14. b4 Rac8 15. Nb3 Bg4 16. Bg3 Bxf3 17. gxf3 Nh5 18. Bxd6 Qxd6 19. Rae1 Ndf6 20. Bf5 Rb8 21. Re5 Rf8 22. Qe2 Nf4 23. Qe3 N6h5 24. Re7 Qf6 25. Bg4 Qg6 26. Kh1 f5 27. Rg1 fxg4 28. Rxg4 Qd3 29. Qe5 Qd1+ 30. Rg1 Qxf3+ 31. Rg2 Qxg2# 0-1

[Event "DVM U12 2024"]
[Site "Heidelberg"]
[Date "2024.12.29"]
[Round "6"]
[White "Hübler, Lennis"]
[Black "Tu, Tiffany"]
[Result "0-1"]
[ECO "C47"]
[WhiteElo "1261"]
[BlackElo "1670"]
[Annotator "NA"]
[PlyCount "99"]
[EventDate "2024.12.23"]
[EventType "team-tourn"]
[EventRounds "7"]
[EventCountry "GER"]
[SourceTitle "playchess.com"]
[Source "ChessBase"]
[SourceQuality "1"]
[TimeControl "40/5400+30:1800+30"]

1. e4 e5 2. Nf3 Nc6 3. Nc3 Nf6 4. a3 d5 5. exd5 Nxd5 6. Bb5 Nxc3 7. bxc3 Bd6 8. d3 O-O 9. O-O Bg4 10. h3 Bh5 11. Re1 Qf6 12. Bg5 Bxf3 13. Bxf6 Bxd1 14. Bxg7 Kxg7 15. Rexd1 Ne7 16. a4 c6 17. Bc4 Nd5 18. Bxd5 cxd5 19. Rab1 b6 20. Re1 Rac8 21. Rb3 f5 22. Re2 e4 23. g3 Be5 24. d4 Bf6 25. Kg2 Kg6 26. h4 Rc4 27. Ra3 Be7 28. Rb3 Rxa4 29. Rb5 Rd8 30. Rb3 h5 31. f4 Rc4 32. Re3 Rd6 33. Kf2 a6 34. Ke2 Rdc6 35. Kd2 a5 36. Rb1 Bd8 37. Rb2 Kf6 38. Rb1 Ke6 39. Rb2 Rc8 40. Rb3 Ra8 41. Re1 Ra4 42. Reb1 Ra6 43. R3b2 Rc4 44. Ra2 Rc7 45. Rb5 Rg7 46. Rb1 Rxg3 47. Rh1 Bc7 48. Raa1 Bxf4+ 49. Ke2 Rxc3 50. Rac1 0-1

[Event "DVM U12 2024"]
[Site "Heidelberg"]
[Date "2024.12.29"]
[Round "6"]
[White "Midianyi, Matvii"]
[Black "Capurro, Mateo"]
[Result "1/2-1/2"]
[ECO "D55"]
[WhiteElo "1240"]
[BlackElo "956"]
[Annotator "NA RC"]
[PlyCount "125"]
[EventDate "2024.12.23"]
[EventType "team-tourn"]
[EventRounds "7"]
[EventCountry "GER"]
[SourceTitle "playchess.com"]
[Source "ChessBase"]
[SourceQuality "1"]
[TimeControl "40/5400+30:1800+30"]

1. d4 d5 2. c4 e6 3. Nc3 Nf6 4. Nf3 c5 5. Bg5 Be7 6. e3 O-O 7. Bd3 b6 8. O-O Bb7 9. Qc2 h6 10. Bxf6 Bxf6 11. Ne5 Bxe5 12. dxe5 Qg5 13. f4 Qd8 14. Nb5 dxc4 15. Bxc4 Qe7 16. Nd6 Bc6 17. Bd3 f6 18. Bh7+ Kh8 19. Qg6 Nd7 20. Nc4 Qf7 21. Qc2 f5 22. Nd6 Qh5 23. e4 Kxh7 24. exf5 exf5 25. e6 Nf6 26. Nxf5 Be4 27. Qc4 Qxf5 28. Rfe1 Bd5 29. Qe2 Bxe6 30. Qxe6 Qxe6 31. Rxe6 Nd5 32. g3 Rfe8 33. Rd6 Rad8 34. Rc6 Nb4 35. Rc7 Nc2 36. Rc1 Re1+ 37. Rxe1 Nxe1 38. Rxa7 Nd3 39. b3 Rc8 40. Ra6 Nb4 41. Ra7 c4 42. bxc4 Rxc4 43. a3 Nc2 44. f5 Rc6 45. Kf2 h5 46. h3 Kh6 47. h4 g6 48. fxg6 Kxg6 49. Kf3 Nd4+ 50. Kf4 Ne6+ 51. Ke5 Nd8 52. Ra6 Nf7+ 53. Kf4 Nd6 54. a4 Nb7 55. g4 hxg4 56. Kxg4 Nc5 57. h5+ Kh6 58. Ra8 Rc7 59. a5 bxa5 60. Rxa5 Rg7+ 61. Kh4 Nd3 62. Ra6+ Kh7 63. h6 1/2-1/2

[Event "DVM U12 2024"]
[Site "Heidelberg"]
[Date "2024.12.29"]
[Round "6"]
[White "Lieberknecht, Pascal"]
[Black "Botvinnik, Julius"]
[Result "0-1"]
[ECO "C50"]
[WhiteElo "1212"]
[BlackElo "1700"]
[Annotator "NA"]
[PlyCount "46"]
[EventDate "2024.12.23"]
[EventType "team-tourn"]
[EventRounds "7"]
[EventCountry "GER"]
[SourceTitle "playchess.com"]
[Source "ChessBase"]
[SourceQuality "1"]
[TimeControl "40/5400+30:1800+30"]

1. e4 e5 2. Nf3 Nc6 3. Bc4 Bc5 4. O-O Nf6 5. d3 d6 6. h3 h6 7. Nc3 O-O 8. Be3 Bb6 9. a3 Be6 10. Bxe6 fxe6 11. Ne2 Qe8 12. Ng3 Qg6 13. Nh4 Qf7 14. Qd2 g5 15. Nf3 Nh5 16. Nh2 Nf4 17. Ng4 Kh7 18. Rae1 Ne7 19. Nh2 Neg6 20. Nf3 Nxh3+ 21. gxh3 Qxf3 22. Kh2 Nh4 23. Rg1 Qf7 0-1

[Event "DVM U12 2024"]
[Site "Heidelberg"]
[Date "2024.12.29"]
[Round "6"]
[White "Meller, Nils"]
[Black "Podousov, Andrii"]
[Result "1-0"]
[ECO "A48"]
[WhiteElo "1024"]
[BlackElo "1105"]
[Annotator "NA RC"]
[PlyCount "44"]
[EventDate "2024.12.23"]
[EventType "team-tourn"]
[EventRounds "7"]
[EventCountry "GER"]
[SourceTitle "playchess.com"]
[Source "ChessBase"]
[SourceQuality "1"]
[TimeControl "40/5400+30:1800+30"]

1. d4 Nf6 2. Bf4 g6 3. e3 Bg7 4. Nf3 d6 5. Be2 Nbd7 6. h3 O-O 7. O-O Qe8 8. Bh2 e5 9. c4 b6 10. Nc3 Bb7 11. Re1 a6 12. a4 e4 13. Nd2 Rc8 14. a5 d5 15. cxd5 Bxd5 16. Nxd5 Nxd5 17. Bxa6 Ra8 18. Bb7 Nb4 19. Bxa8 Nd3 20. Re2 Qxa8 21. axb6 Qc6 22. bxc7 Qxc7 1-0

[Event "DVM U12 2024"]
[Site "Heidelberg"]
[Date "2024.12.29"]
[Round "6"]
[White "Hübler, Leonas"]
[Black "Gora, Jan"]
[Result "0-1"]
[ECO "C50"]
[WhiteElo "920"]
[BlackElo "2047"]
[Annotator "NA"]
[PlyCount "69"]
[EventDate "2024.12.23"]
[EventType "team-tourn"]
[EventRounds "7"]
[EventCountry "GER"]
[SourceTitle "playchess.com"]
[Source "ChessBase"]
[SourceQuality "1"]
[TimeControl "40/5400+30:1800+30"]

1. e4 e5 2. Nf3 Nc6 3. Bc4 Bc5 4. O-O d6 5. Nc3 Nf6 6. d3 h6 7. Be3 Bg4 8. h3 Be6 9. Bxe6 fxe6 10. Bxc5 dxc5 11. a3 Qe7 12. Re1 O-O-O 13. Nb5 g5 14. Nd2 Rhg8 15. Nc4 g4 16. b4 gxh3 17. Ne3 Qg7 18. Qf3 Nd4 19. Nxd4 cxd4 20. Nf1 hxg2 21. Nh2 Rdf8 22. a4 Nd7 23. Qd1 Qg5 24. a5 h5 25. a6 b6 26. Nf3 Qh6 27. Qd2 Qh7 28. Nh4 Qe7 29. Nxg2 Qg7 30. Kf1 Qxg2+ 31. Ke2 Rxf2+ 32. Kd1 Rxd2+ 33. Kc1 Rxc2+ 34. Kb1 Rb2+ 35. Kc1 0-1

[Event "DVM U12 2024"]
[Site "Heidelberg"]
[Date "2024.12.29"]
[Round "6"]
[White "Ünal, Malik Mehmet"]
[Black "Riebienkov, Mark"]
[Result "1/2-1/2"]
[ECO "C50"]
[WhiteElo "831"]
[BlackElo "1269"]
[Annotator "NA"]
[PlyCount "67"]
[EventDate "2024.12.23"]
[EventType "team-tourn"]
[EventRounds "7"]
[EventCountry "GER"]
[SourceTitle "playchess.com"]
[Source "ChessBase"]
[SourceQuality "1"]
[TimeControl "40/5400+30:1800+30"]

1. e4 e5 2. Nf3 Nc6 3. Bc4 Nf6 4. Nc3 Bc5 5. d3 O-O 6. Bg5 Bb4 7. O-O Bxc3 8. bxc3 d6 9. d4 exd4 10. cxd4 Bg4 11. Rb1 Rb8 12. d5 Ne5 13. Be2 Bxf3 14. Bxf3 h6 15. Bh4 c6 16. dxc6 Nxc6 17. Re1 b6 18. Qc1 Re8 19. Qe3 Qe7 20. Qd3 Ne5 21. Qd4 Rbc8 22. Rbc1 Qe6 23. Bxf6 Qxf6 24. Qd5 Qg6 25. Re3 Nxf3+ 26. Rxf3 Re7 27. Re1 Rxc2 28. h3 Qe6 29. Qxe6 Rxe6 30. Ra3 a5 31. Rb1 Rc6 32. f3 g6 33. Rab3 Rc2 34. Ra1 1/2-1/2